 Dungeon Crawl Stone Soup version 0.32-a0-520-g344ed53f66 (webtiles) character file.

Game seed: 6935120019729931161

21027 BubbleThief the Spear-Bearer (level 12, -4/107 HPs)
             Began as a Demonspawn Cinder Acolyte on Feb 27, 2024.
             Was an Elder of Ignis.
             Slain by a komodo dragon (8 damage)
             ... while petrified by a basilisk
             ... on level 2 of the Lair of Beasts.
             The game lasted 00:26:26 (12573 turns).

BubbleThief the Spear-Bearer (DsCA)                Turns: 12573, Time: 00:26:27

Health: -4/107     AC: 20    Str: 20    XL:     12   Next: 50%
Magic:  25/25      EV:  2    Int: 14    God:    Ignis [****..]
Gold:   1257       SH:  0    Dex:  9    Spells: 15/17 levels left

rFire   + + .        t - +4 halberd
rCold   + . .        (shield currently unavailable)
rNeg    + + +        B - +0 steam dragon scales
rPois   ∞            j - +0 helmet
rElec   .            (no cloak)
rCorr   .            f - +3 pair of gauntlets of War {Slay+5}
SInv    +            r - +2 pair of boots
Will    .....        o - amulet of Lady Luck {Faith rF+ rC+ MP+9 SInv}
Stlth   +            y - +5 ring of evasion
HPRegen 0.37/turn    x - +5 ring of evasion
MPRegen 0.38/turn

%: faith
@: petrified, fiery-armoured, slowed
A: repulsion field 2, magic regeneration, demonic magic 2, weakness stinger 1
a: Renounce Religion, Fiery Armour, Foxfire Swarm


You were on level 2 of the Lair of Beasts.
You worshipped Ignis.
Ignis was greatly pleased with you.
You visited 2 branches of the dungeon, and saw 14 of its levels.
You also visited: Bailey.

You collected 1257 gold pieces.

Inventory:

Hand Weapons
 a - a -1 spear of flaming
 t - a +4 halberd (weapon)
Armour
 f - the +3 pair of gauntlets of War (worn) {Slay+5}
   (You acquired it on level 6 of the Dungeon)

   Slay+5:    It affects your accuracy & damage with ranged weapons and melee
   (+5).
 j - a +0 helmet (worn)
 r - a +2 pair of boots (worn)
 B - +0 steam dragon scales (worn)
 J - the +3 pair of seven-league boots {Rampage+∞}
   (You found it on level 2 of the Lair of Beasts)

   Rampage+∞: When moving toward enemies, its wearer moves as far as possible,
   alerting their target en route.
Jewellery
 i - a ring of wizardry
 m - a ring of poison resistance
 o - the amulet of Lady Luck (around neck) {Faith rF+ rC+ MP+9 SInv}
   (You found it on level 3 of the Dungeon)

   [amulet of faith]

   Faith:     It allows you to gain divine favour quickly.
   rF+:       It protects you from fire.
   rC+:       It protects you from cold.
   MP+9:      It affects your magic capacity (+9).
   SInv:      It lets you see invisible.
 q - a ring of ice
 w - a ring of willpower
 x - a +5 ring of evasion (right hand)
 y - a +5 ring of evasion (left hand)
 E - a ring of see invisible
Wands
 s - a wand of charming (6)
 C - a wand of roots (22)
 G - a wand of flame (12)
 H - a wand of light (5)
Scrolls
 k - 2 scrolls of fog
 l - a scroll of identify
 v - a scroll of teleportation
 A - a scroll of amnesia
Potions
 b - 3 potions of ambrosia
 c - a potion of might {unknown}
 d - 3 potions of curing
 e - a potion of magic {unknown}
 g - 2 potions of mutation
 h - a potion of heal wounds
 n - 2 potions of lignification
 p - 2 potions of brilliance
 u - a potion of haste {unknown}
 z - 2 potions of enlightenment
 D - 2 potions of cancellation {unknown}
 F - a potion of attraction {unknown}
Miscellaneous
 I - a sack of spiders


   Skills:
 + Level 14.1 Fighting
 * Level 14.3 Polearms
 - Level 3.1 Spellcasting
 - Level 3.0 Fire Magic


You had 15 spell levels left.
You knew the following spells:

 Your Spells              Type           Power      Damage    Failure   Level
a - Scorch                Fire           20%        2d5       9%          2

Your spell library contained the following spells:

 Spells                   Type           Power      Damage    Failure   Level
 Apportation              Tloc           4%         N/A       22%         1
 Shock                    Conj/Air       8%         1d3       22%         1
 Jinxbite                 Hex            4%         N/A       32%         2
 Mercury Vapours          Alch/Air       4%         N/A       32%         2
 Mephitic Cloud           Conj/Alch/Air  2%         N/A       54%         3
 Stone Arrow              Conj/Erth      4%         3d7       54%         3
 Swiftness                Air            2%         N/A       54%         3
 Tukima's Dance           Hex            2%         N/A       54%         3
 Airstrike                Air            1%         2d(1-17)  91%         4
 Animate Armour           Summ/Erth      4%         N/A       91%         4
 Animate Dead             Necr           2%         N/A       91%         4
 Brom's Barrelling Bould  Conj/Erth      2%         2d3       91%         4
 Dimensional Bullseye     Hex/Tloc       1%         N/A       91%         4
 Iskenderun's Mystic Bla  Conj/Tloc      2%         2d3       91%         4
 Alistair's Intoxication  Alch           1%         N/A       99%         5
 Borgnjor's Vile Clutch   Necr/Erth      1%         N/A       99%         5
 Freezing Cloud           Conj/Ice/Air   1%         6-21      99%         5
 Iskenderun's Battlesphe  Conj           2%         2d6       99%         5
 Lee's Rapid Deconstruct  Erth           1%         3d4*      99%         5
 Bombard                  Conj/Erth      1%         9d1       100%        6
 Haunt                    Necr/Summ      1%         N/A       100%        7
 Spellforged Servitor     Conj/Summ      1%         N/A       100%        7
 Infestation              Necr           1%         N/A       100%        8
 Lehudib's Crystal Spear  Conj/Erth      1%         10d2      100%        8


Dungeon Overview and Level Annotations

Branches:
Dungeon (12/15)            Temple (0/1) D:6            Lair (2/5) D:11
 Shoals (0/4) Lair:2          Orc (0/2) D:10         Bailey (visited)
  Snake: Lair:2-3    Spider: Lair:2-3

Altars:
Ashenzari
Gozag
Hepliaklqana
Kikubaaqudgha
Nemelex Xobeh
Qazlal
Trog
Vehumet
Yredelemnul
Beogh

Annotations:
D:4 3 runed translucent doors, osoart's ghost, amateur OnFE
D:9 5 runed translucent doors, kaiyo's ghost, novice TrBe
D:10 Josephine; Lodul
D:11 Gastronok
D:12 Frances
Lair:1 3 runed translucent doors, Tetyinue's ghost, journeyman CoCK; Ukasumac's ghost, journeyman DgSh


Innate Abilities, Weirdness & Mutations

You are surrounded by a moderate repulsion field. (EV +3)
You regenerate magic rapidly.
Spells you cast may paralyse nearby enemies.
You have a small tail.


Message History

Unknown command.
Okay, then.
A protective cloak of flame settles atop you.
The guardian serpent hits you but does no damage.
The komodo dragon bites you!
* * * LOW HITPOINT WARNING * * *
The komodo dragon is burned by your cloak of flames.
The komodo dragon is lightly wounded.
The guardian serpent completely misses you.
The basilisk gazes at you.
You are slowing down.
The komodo dragon bites you but does no damage.
The guardian serpent casts a spell at you.
The bolt of poison hits you!
You are lethally poisoned!
* * * LOW HITPOINT WARNING * * *
You feel better. The guardian serpent hits you.
* * * LOW HITPOINT WARNING * * *
The guardian serpent is burned by your cloak of flames.
The guardian serpent is severely wounded.
The basilisk bites you but does no damage.
The basilisk is burned by your cloak of flames.
The basilisk is lightly wounded.
The komodo dragon bites you!!
* * * LOW HITPOINT WARNING * * *
The guardian serpent barely misses you.
The boulder beetle leaps!
The basilisk bites you but does no damage.
The basilisk is burned by your cloak of flames.
The basilisk is moderately wounded.
The komodo dragon barely misses you.
The guardian serpent casts a spell at you.
You resist with some effort.
You have turned to stone.
The guardian serpent coils itself and waves its upper body at you.
The bolt of poison hits you but does no damage.
You resist. The basilisk bites you.
The basilisk is burned by your cloak of flames.
The basilisk is moderately wounded.
The komodo dragon bites you!
You die...
Ignis goes out, and joins you in death.

##.## ######### ......
####~~...~~## ......
###~~~~~~~~~~.. ......
##~~~~~~~~~~~.#~ .......
##~~....~~~~~~... ........
#.#...#...~~..#.. ........
##.....#..~~~~...# ......>.....
#.....#..~~~#~~~.#
......#....P#..#@S...#..~~~##~~.#
............#..#ll...#.~.~~~~~~~.
....#.P........##.....#..~~~~~...
...............##~~~~.#..~~~~~...
.#.##..........###~~...#..~.~~...
............P..# #~~....~~~~~~~.
............#..## ##~~~~~~~~~~~~
............#...## ####~.....~##
...###))....#...P####..# ########


You could see a komodo dragon, a guardian serpent and a basilisk.

Vanquished Creatures
  Snorg (D:10)
  Fannar (D:11)
  2 boulder beetles (Lair:2)
  2 two-headed ogres
  A skyshark (Lair:2)
  An orc knight (Bailey)
  An ugly thing (D:9)
  A black mamba (Lair:2)
  4 elephants (Lair:2)
  2 merfolk sirens (Lair:2)
  2 cane toads
  A gargoyle (D:9)
  A rime drake (Lair:2)
  An efreet (D:9)
  3 komodo dragons (Lair:1)
  2 merfolk (Lair:2)
  3 trolls
  A polar bear (Lair:2)
  A hornet (D:8)
  A shadow (D:9)
  6 wraiths
  13 yaks
  A basilisk (Lair:1)
  A vampire mosquito (D:9)
  A wyvern (D:7)
  3 steam dragons
  Menkaure (D:7)
  2 water moccasins (Lair:2)
  A sky beast (D:6)
  An ice beast (D:5)
  3 black bears
  13 orc warriors
  3 wolves (Lair:2)
  3 centaurs
  A phantom (D:6)
  6 kobold brigands
  12 bullfrogs
  A gnoll sergeant (D:8)
  3 scorpions
  7 wights
  A burial acolyte (D:7)
  8 killer bees (D:9)
  A bombardier beetle (D:5)
  2 howler monkeys
  A hound (D:4)
  A jelly (D:6)
  7 orc priests
  3 gnoll boudas
  A sleepcap (D:6)
  5 iguanas
  Terence (D:2)
  14 orc wizards
  9 hell rats (Lair:2)
  3 hound zombies (D:7)
  2 howler monkey zombies (D:9)
  14 gnolls
  7 adders
  15 river rats
  4 shadow imps
  7 dart slugs
  A ribbon worm (D:4)
  76 orcs
  2 bats
  6 endoplasms
  A giant cockroach (D:1)
  3 gnoll zombies (D:7)
  11 goblins
  5 hobgoblins
  6 quokkas
  5 ball pythons
  6 frilled lizards
  27 kobolds
  A kobold zombie (D:7)
  14 rats
384 creatures vanquished.

Vanquished Creatures (others)
  A gnoll (D:7)
  9 foxfires (D:10)
10 creatures vanquished.

Grand Total: 394 creatures vanquished

Notes
Turn   | Place    | Note
-------+----------+-------------------------------------------
     0 | D:1      | BubbleThief the Demonspawn Cinder Acolyte began the quest
                  | for the Orb.
     0 | D:1      | Reached XP level 1. HP: 18/18 MP: 2/2
    85 | D:1      | Found a faded altar of an unknown god.
    96 | D:1      | Gained mutation: You regenerate magic rapidly. [demonic
                  | ancestry]
    96 | D:1      | Reached XP level 2. HP: 6/24 MP: 3/3
   272 | D:1      | Learned a level 2 spell: Scorch
   757 | D:1      | Reached XP level 3. HP: 29/29 MP: 1/4
  1148 | D:2      | Noticed Terence
  1158 | D:2      | Killed Terence
  1447 | D:2      | Gained mutation: Spells you cast may paralyse adjacent
                  | enemies. [demonic ancestry]
  1447 | D:2      | Reached XP level 4. HP: 35/35 MP: 3/6
  1647 | D:3      | Identified the amulet of Lady Luck {Faith rF+ rC+ MP+9
                  | SInv}
  1904 | D:3      | Reached XP level 5. HP: 39/41 MP: 8/8
  2608 | D:4      | Found a runed translucent gate.
  2608 | D:4      | Found a runed translucent gate.
  2608 | D:4      | Found a runed translucent gate.
  2609 | D:4      | Noticed osoart's ghost (amateur OnFE)
  3013 | D:4      | Found a sparkling altar of Nemelex Xobeh.
  3019 | D:4      | Gained mutation: You have a small tail. [demonic ancestry]
  3019 | D:4      | Reached XP level 6. HP: 45/45 MP: 10/10
  3275 | D:5      | Entered Level 5 of the Dungeon
  3318 | D:5      | Reached skill level 5 in Polearms
  3773 | D:5      | Reached XP level 7. HP: 49/55 MP: 8/11
  3817 | D:5      | Found a radiant altar of Vehumet.
  3999 | D:5      | Reached skill level 5 in Fighting
  4314 | D:6      | Identified a scroll of acquirement
  4314 | D:6      | Acquired the +3 pair of gauntlets of War {Slay+5}
  4314 | D:6      | Found the +3 pair of gauntlets of War {Slay+5}
  4382 | D:6      | Gained mutation: You are surrounded by a mild repulsion
                  | field. (EV +2) [demonic ancestry]
  4382 | D:6      | Reached XP level 8. HP: 64/64 MP: 12/12
  4400 | D:6      | Found a staircase to the Ecumenical Temple.
  4994 | D:6      | Identified the +2 war axe "Uqufix" {pain, Dex+4}
  5407 | D:7      | Reached XP level 9. HP: 74/74 MP: 13/13
  5411 | D:7      | Noticed Menkaure
  5416 | D:7      | Killed Menkaure
  5548 | D:7      | Found an ancient bone altar of Kikubaaqudgha.
  6098 | D:7      | Found a broken altar of Ashenzari.
  6106 | D:7      | Found an opulent altar of Gozag.
  6404 | D:8      | Found a flagged portal.
  6413 | Bailey   | Entered a bailey
  6540 | Bailey   | Noticed an orc knight
  6557 | Bailey   | Killed an orc knight
  6898 | D:8      | Found a bloodstained altar of Trog.
  6942 | D:8      | Noticed a two-headed ogre
  6952 | D:8      | Killed a two-headed ogre
  6953 | D:8      | Reached skill level 10 in Fighting
  6953 | D:8      | Reached skill level 10 in Polearms
  6953 | D:8      | Gained mutation: Spells you cast may paralyse nearby
                  | enemies. [demonic ancestry]
  6953 | D:8      | Reached XP level 10. HP: 85/85 MP: 13/14
  7575 | D:9      | Found a large runed translucent door.
  7579 | D:9      | Noticed a green ugly thing
  7580 | D:9      | Found a large runed translucent door.
  7587 | D:9      | Found a large runed translucent door.
  7587 | D:9      | Found a large runed translucent door.
  7676 | D:9      | Noticed a two-headed ogre
  7682 | D:9      | Killed a two-headed ogre
  7920 | D:9      | Identified the +1 robe of the Trilobite {rN+}
  7952 | D:9      | Found a runed translucent gate.
  7952 | D:9      | Found a runed translucent gate.
  7952 | D:9      | Found a runed translucent gate.
  7952 | D:9      | Noticed kaiyo's ghost (novice TrBe)
  7954 | D:9      | Found a basalt altar of Yredelemnul.
  8119 | D:9      | Found a hazy altar of Hepliaklqana.
  8539 | D:9      | Gained mutation: You are surrounded by a moderate repulsion
                  | field. (EV +3) [demonic ancestry]
  8539 | D:9      | Reached XP level 11. HP: 89/95 MP: 15/15
  8610 | D:9      | Found the amulet of Elemental Vulnerability {rPois rF--
                  | rC-- AC+8}
  8700 | D:9      | Identified the +7 sling of Xykabre {flame, Int+3}
  8844 | D:10     | Entered Level 10 of the Dungeon
  8915 | D:10     | Found a roughly hewn altar of Beogh.
  8915 | D:10     | Found a staircase to the Orcish Mines.
  9105 | D:10     | Noticed Lodul
  9241 | D:10     | Noticed Snorg
  9253 | D:10     | Killed Snorg
  9360 | D:10     | Found a stormy altar of Qazlal.
  9621 | D:10     | Noticed Josephine
  9650 | D:9      | Killed a green ugly thing
  9653 | D:9      | Got the Verses on Excavation
  9855 | D:11     | Noticed a skeletal warrior
  9865 | D:11     | Noticed a skeletal warrior
  9867 | D:11     | Noticed a skeletal warrior
  9867 | D:11     | Noticed a skeletal warrior
  9870 | D:11     | HP: 2/89 [skeletal warrior/+0 scimitar (22)]
 10237 | D:11     | Found a staircase to the Lair.
 10431 | D:11     | Noticed Gastronok
 10462 | D:11     | You fall into a shaft and drop 1 floor!
 10530 | D:12     | Noticed Frances
 10644 | D:11     | Noticed Fannar
 10656 | D:11     | Killed Fannar
 10693 | Lair:1   | Entered Level 1 of the Lair of Beasts
 11129 | Lair:1   | Found a runed translucent gate.
 11129 | Lair:1   | Found a runed translucent gate.
 11130 | Lair:1   | Found a runed translucent gate.
 11131 | Lair:1   | Noticed Ukasumac's ghost (journeyman DgSh)
 11131 | Lair:1   | Noticed Tetyinue's ghost (journeyman CoCK)
 11608 | Lair:2   | Found a staircase to the Shoals.
 11625 | Lair:2   | Reached XP level 12. HP: 69/105 MP: 16/16
 11639 | Lair:2   | Noticed a boulder beetle
 11663 | Lair:2   | Killed a boulder beetle
 12519 | Lair:2   | Noticed a boulder beetle
 12527 | Lair:2   | Killed a boulder beetle
 12551 | Lair:2   | Noticed a boulder beetle
 12551 | Lair:2   | Found the +3 pair of seven-league boots {Rampage+∞}
 12572 | Lair:2   | HP: 4/107 [komodo dragon (14)]
 12573 | Lair:2   | Slain by a komodo dragon

Illustrated notes

Levels and vault maps discovered:
D:1:      eino_arrival_cavern_a, layout_basic,
          dreamdust_ecumenical_altar_statues, minmay_misc_feat_pillars
D:2:      layout_rooms, uniq_terence
D:3:      layout_basic
D:4:      layout_loops_ring, nemelex_dance_club_becter,
          gammafunk_ghost_necromancy, serial_glass, glass_columns_b,
          glass_columns_b, due_unseen_surprise, item_on_display_a,
          kennysheep_generic_room_7
D:5:      layout_loops_ring, fiery_altar_vehumet
D:6:      layout_basic, minmay_temple_entry_large_hall,
          nicolae_underground_beach
D:7:      layout_basic, mainiacjoe_overflow_cross_hatched,
          regret_index_kikubaaqudgha_part_by_part,
          mainiacjoe_overflow_small_starburst, minivault_11, uniq_menkaure
D:8:      minmay_goldmine, layout_rooms, mainiacjoe_overflow_six_doors_small,
          enter_bailey_5
D:9:      layout_loops_ring, nicolae_tso_swordbearing_angel,
          nicolae_yredelemnul_ghost_church, nicolae_hepliaklqana_hippocampus,
          minmay_hollow_rounded_squares
D:10:     layout_long_grid, mainiacjoe_overflow_catwalk, david_orc_5,
          uniq_lodul, uniq_snorg, uniq_josephine
D:11:     minmay_angry_zag, layout_stronghold, dpeg_lair_monsters,
          uniq_gastronok, uniq_fannar
D:12:     regret_index_early_branch_jog, layout_long_grid, uniq_frances
Lair:1:   layout_cave_pods, gammafunk_ghost_cemetery
Lair:2:   lemuel_ratsnest, layout_chaotic_city, elwin_shoals_entry_stream,
          nicolae_volcano_entry_two_sided,
          hellmonk_guarded_unrand_seven_league_boots

Skill      XL: |  1  2  3  4  5  6  7  8  9 10 11 12 |
---------------+-------------------------------------+-----
Polearms       | 3 4 5 6 8 10 11 13 14 | 14.3
Fire Magic     | 3 |  3.0
Spellcasting   | 2 3 |  3.1
Fighting       | 4 6 7 10 11 13 14 | 14.1

Action                     |  1- 3 |  4- 6 |  7- 9 | 10-12 || total
---------------------------+-------+-------+-------+-------++-------
  Melee: Spear             |    70 |   122 |   176 |       ||   368
         Tailslap          |       |     5 |    21 |    68 ||    94
         Halberd           |       |       |    13 |   589 ||   602
   Cast: Scorch            |    18 |    75 |   147 |    42 ||   282
 Invoke: Fiery Armour      |       |       |       |     3 ||     3
         Foxfire Swarm     |       |       |       |     1 ||     1
         Rising Flame      |       |       |       |     1 ||     1
  Evoke: Wand              |       |       |       |     1 ||     1
    Use: Scroll            |       |       |    13 |     9 ||    22
         Potion            |       |       |       |     3 ||     3
   Stab: Paralysed         |       |    48 |    34 |    20 ||   102
         Sleeping          |       |       |       |     1 ||     1
         Distracted        |       |       |       |     1 ||     1
 Armour: Robe              |    22 |    63 |    14 |       ||    99
         Steam dragon scal |       |       |    38 |   239 ||   277
  Dodge: Dodged            |    17 |    53 |   142 |   534 ||   746
         Repelled          |     3 |     1 |     1 |     7 ||    12

Table legend: (Time is in decaauts)
 A = Elapsed time spent in this place.
 B = Non-inter-level travel time spent in this place.
 C = Inter-level travel time spent in this place.
 D = Time resting spent in this place.
 E = Time spent auto-exploring this place.
 F = Levels seen in this place.
 G = Mean time per level.
                   A        B        C        D        E       F      G
               +--------+--------+--------+--------+--------+-----+--------+
         Total |  12490 |  12155 |    335 |    657 |   8949 |  15 |  832.7 |
       Dungeon |  10196 |   9903 |    293 |    607 |   7395 |  12 |  849.7 |
          Lair |   1856 |   1814 |     42 |      0 |   1401 |   2 |  928.0 |
        Bailey |    438 |    438 |      0 |     50 |    152 |   1 |  438.0 |
               +--------+--------+--------+--------+--------+-----+--------+

Top non-repeatable levels by time:
     D:9: 1687 daAuts
     D:7: 1116 daAuts
     D:1: 1004 daAuts
     D:3: 974 daAuts
     D:5: 969 daAuts
  Lair:2: 958 daAuts
  Lair:1: 897 daAuts
     D:6: 824 daAuts
     D:8: 811 daAuts
     D:4: 807 daAuts
    D:11: 761 daAuts
    D:10: 691 daAuts
     D:2: 475 daAuts
  Bailey: 438 daAuts
    D:12: 72 daAuts
